 Dungeon Crawl Stone Soup version 0.30-a0-377-g5cb311bc9f (webtiles) character file.

Game seed: 10408612805389743575

41 mopl the Firebug (level 3, -2/26 HPs)
             Began as a Draconian Fire Elementalist on Nov 28, 2022.
             Slain by a gnoll
             ... wielding a +0 spear
              (4 damage)
             ... on level 2 of the Dungeon.
             The game lasted 00:01:27 (1091 turns).

mopl the Firebug (Draconian Fire Elementalist)      Turns: 1091, Time: 00:01:28

Health: -2/26      AC:  5    Str: 10    XL:     3   Next: 32%
Magic:  4/7        EV: 12    Int: 17    God:
Gold:   65         SH:  0    Dex: 11    Spells: 1/7 levels left

rFire   . . .      SeeInvis .    f - +0 dagger (freeze)
rCold   . . .      Faith    .    (no shield)
rNeg    . . .      Spirit   .    (body armour unavailable)
rPois   .          Reflect  .    (helmet restricted)
rElec   .          Harm     .    (no cloak)
rCorr   .          Rampage  .    (no gloves)
Will    .....                    (no boots)
Stlth   ++........               (no amulet)
HPRegen 0.24/turn                (no ring)
MPRegen 0.10/turn                (no ring)

@: no status effects
A: AC +5, unfitting armour, cold-blooded
a: no special abilities


You were on level 2 of the Dungeon.
You visited 1 branch of the dungeon, and saw 2 of its levels.

You collected 65 gold pieces.

Inventory:

Hand Weapons
 f - a +0 dagger of freezing (weapon)
Scrolls
 c - a scroll of identify {unknown}
 d - a scroll of immolation {unknown}
 e - 3 scrolls of teleportation {unknown}
 h - a scroll of enchant weapon {unknown}
 i - a scroll of amnesia {unknown}
 j - a scroll of butterflies {unknown}
Potions
 a - a potion of magic
 b - 2 potions of brilliance {unknown}
 g - a potion of curing {unknown}
 k - 3 potions of heal wounds {unknown}


   Skills:
 - Level 1.7 Dodging
 - Level 1.7 Stealth
 + Level 2.8 Spellcasting
 + Level 2.3 Conjurations
 + Level 0.3 Translocations
 - Level 3.0 Fire Magic


You had one spell level left.
You knew the following spells:

 Your Spells              Type           Power      Damage    Failure   Level
a - Foxfire               Conj/Fire      44%        2x1d6     6%          1
b - Scorch                Fire           24%        2d6       8%          2
c - Kindle Blastsparks    Fire/Tloc/Air  12%        2d11      34%         3

Your spell library contained the following spells:

 Spells                   Type           Power      Damage    Failure   Level
 Inner Flame              Hex/Fire       7%         N/A       28%         3
 Flame Wave               Conj/Fire      11%        2d6       52%         4


Dungeon Overview and Level Annotations

Branches:
Dungeon (2/15)

Altars:


Innate Abilities, Weirdness & Mutations

Your plain brown scales are hard. (AC +5)
You cannot fit into any form of body armour.
You are cold-blooded and may be slowed by cold attacks.


Message History

You see here a dart slug corpse. 2 gnolls come into view.
A gnoll comes into view. It is wielding a +0 spear.
Found a scroll labelled PIBRARRUUL.
The gnoll shouts!
You hear an angry hiss.
A rat comes into view.
The gnoll shouts! x2
The gnoll hits you from afar with a +0 spear.
An adder comes into view.
You closely miss the gnoll.
Your tail-slap misses the gnoll.
A hobgoblin comes into view.
The gnoll hits you but does no damage.
The gnoll hits you from afar with a +0 spear.
The gnoll hits you but does no damage.
The hobgoblin shouts!
You hit the gnoll. You freeze the gnoll.
The gnoll is lightly wounded.
The gnoll hits you from afar with a +0 spear.
The gnoll closely misses you. The gnoll hits you but does no damage.
The gnoll hits you from afar with a +0 spear.
* * * LOW HITPOINT WARNING * * *
The rat twitches its whiskers.
The rat twitches its whiskers.
The gnoll attacks as you move away! The gnoll hits you but does no damage.
You see here a dart slug corpse.
The gnoll attacks as you move away! The gnoll completely misses you.
The gnoll attacks as you move away! The gnoll misses you.
The gnoll attacks as you move away! The gnoll barely misses you.
The gnoll attacks as you move away! The gnoll hits you with a +0 whip.
* * * LOW HITPOINT WARNING * * *
The gnoll attacks as you move away! The gnoll hits you with a +0 whip.
* * * LOW HITPOINT WARNING * * *
Casting: Scorch (safe; 8% risk of failure)
Confirm with . or Enter, or press ? or * to list all spells.
The spell is extremely dangerous to miscast (34% risk of failure)!
Continue anyway?
A cloud of volatile blastsparks flares up around you!
The gnoll hits you with a +0 whip.
* * * LOW HITPOINT WARNING * * *
The gnoll hits you from afar with a +0 spear.
You die...

...######..## ..#####........#
....†.)...... #.....>........#
.<.###........##.......>......#
...###...............g........#
.............. ...............#
....##....... #....S.g####.###
...........### #.......# #
..##....#....########.g##
...........#....@gg##†..###.
........)...######S.g........
.#.................†g........
...####.......#######.#......#
..## ####....# #....#####
...### #...... ..##.# .....##
#.#.#... #.# .# ........
#.#...... ... .# ...#####
..##..... ..


You could see 4 gnolls and an adder.

Vanquished Creatures
  2 dart slugs
  4 bats (D:2)
  5 giant cockroaches (D:1)
  4 goblins (D:1)
  3 quokkas
  2 ball pythons (D:1)
  3 frilled lizards
  5 kobolds
  6 rats (D:1)
34 creatures vanquished.

Vanquished Creatures (others)
  5 foxfires (D:1)
5 creatures vanquished.

Grand Total: 39 creatures vanquished

Notes
Turn   | Place    | Note
-------+----------+-------------------------------------------
     0 | D:1      | mopl the Draconian Fire Elementalist began the quest for
                  | the Orb.
     0 | D:1      | Reached XP level 1. HP: 14/14 MP: 3/3
   197 | D:1      | Reached XP level 2. HP: 20/20 MP: 5/5
   200 | D:1      | Learned a level 2 spell: Scorch
   444 | D:1      | Reached skill level 2 in Conjurations
   883 | D:2      | Reached XP level 3. HP: 25/26 MP: 4/7
   893 | D:2      | Learned a level 3 spell: Kindle Blastsparks
  1091 | D:2      | Slain by a gnoll

Illustrated notes

Levels and vault maps discovered:
D:1:      sevenhm_arrival_forest_fort_small_3, layout_loops_cross,
          nicolae_figureground_pulse
D:2:      layout_rooms, minmay_door_square

Skill      XL: |  1  2 |
---------------+-------+-----
Conjurations   | 2 |  2.3
Dodging        | |  1.7
Stealth        | |  1.7
Spellcasting   | |  2.8
Translocations | |  0.3
Fire Magic     | |  3.0

Action                   || total
-------------------------++-------
Melee: Unarmed           ||    71
       Tailslap          ||     9
       Dagger            ||    41
       Punch             ||     1
 Cast: Foxfire           ||     5
       Scorch            ||     9
       Kindle Blastspark ||     1
 Stab: Sleeping          ||     2
Armor: Skin              ||    30
Dodge: Dodged            ||    85

Table legend: (Time is in decaauts)
 A = Elapsed time spent in this place.
 B = Non-inter-level travel time spent in this place.
 C = Inter-level travel time spent in this place.
 D = Time resting spent in this place.
 E = Time spent auto-exploring this place.
 F = Levels seen in this place.
 G = Mean time per level.
                   A        B        C        D        E       F      G
               +--------+--------+--------+--------+--------+-----+--------+
         Total |   1092 |   1011 |     81 |     47 |    677 |   2 |  546.0 |
       Dungeon |   1092 |   1011 |     81 |     47 |    677 |   2 |  546.0 |
               +--------+--------+--------+--------+--------+-----+--------+

Top non-repeatable levels by time:
     D:1: 877 daAuts
     D:2: 214 daAuts
